 Dungeon Crawl Stone Soup version 0.22.1-1-ga44c0e56f4 (webtiles) character file.

67 Ivernyr the Magician (level 4, 36/36 HPs)
             Began as a Draconian Wizard on Oct 7, 2018.
             Quit the game on level 2 of the Dungeon.
             The game lasted 00:05:01 (1996 turns).

Ivernyr the Magician (Draconian Wizard)             Turns: 1996, Time: 00:05:02

Health: 36/36      AC:  6    Str: 10    XL:     4   Next: 0%
Magic:  9/9        EV: 12    Int: 19    God:
Gold:   54         SH:  0    Dex:  9    Spells: 1/10 levels left

rFire    + . .     SeeInvis .   d - +0 dagger (curse)
rCold    . . .     Gourm    .   (no shield)
rNeg     . . .     Faith    .   (armour unavailable)
rPois    .         Spirit   .   a - +0 hat
rElec    .         Reflect  .   (no cloak)
rCorr    .         Harm     .   h - +0 pair of gloves
MR       .....                  (no boots)
Stlth    ++........             (no amulet)
HPRegen  0.12/turn              i - ring of protection from fire
MPRegen  0.11/turn              (no ring)

@: no status effects
A: unfitting armour, cold-blooded, AC +5
a: no special abilities


You were on level 2 of the Dungeon.
You were not hungry.

You visited 1 branch of the dungeon, and saw 2 of its levels.

You collected 54 gold pieces.

Inventory:

Hand Weapons
 d - a cursed +0 dagger (weapon)
Armour
 a - a +0 hat (worn)
 h - a +0 pair of gloves (worn)
Jewellery
 i - a ring of protection from fire (left hand)
Scrolls
 b - 2 scrolls of remove curse {unknown}
 e - 2 scrolls of identify {unknown}
 f - a scroll of immolation {unknown}
 g - 3 scrolls of amnesia {unknown}
 o - a scroll of blinking {unknown}
Potions
 j - a potion of curing {unknown}
 k - a potion of haste {unknown}
 l - a potion of heal wounds {unknown}
 m - a potion of degeneration {unknown}
 n - a potion of ambrosia {unknown}
Comestibles
 c - 4 rations


   Skills:
 + Level 1.6 Fighting
 - Level 1.7 Dodging
 - Level 1.7 Stealth
 + Level 3.7 Spellcasting
 * Level 2.3 Conjurations
   Level 1.0 Summonings
 - Level 1.0 Translocations


You had one spell level left.
You knew the following spells:

 Your Spells              Type           Power        Failure   Level  Hunger
a - Magic Dart            Conj           ##..         5%          1    None
b - Blink                 Tloc           N/A          14%         2    ##.....
c - Conjure Flame         Conj/Fire      #.......     26%         3    ###....
d - Mephitic Cloud        Conj/Pois/Air  #.......     30%         3    ###....

Your spell library contained the following spells:

 Spells                   Type           Power        Failure   Level  Hunger
 Call Imp                 Summ           #.......     14%         2    ##.....
 Slow                     Hex            #.......     22%         2    ##.....


Dungeon Overview and Level Annotations

Branches:
Dungeon (2/15)

Altars:
Dithmenos


Innate Abilities, Weirdness & Mutations

Your plain brown scales are hard. (AC +5)
You cannot fit into any form of body armour.
You are cold-blooded and may be slowed by cold attacks.


Message History

Casting: Magic Dart (safe; 5% risk of failure)
Confirm with . or Enter, or press ? or * to list all spells.
Aiming: Magic Dart (safe; 5% risk of failure)
Press: ? - help, Shift-Dir - straight line, f/p - kobold
Aim: a kobold, wielding a club (heavily wounded)
The magic dart hits the kobold.
You kill the kobold!
Found a dagger.
Found a stone staircase leading down.
There is a stone staircase leading down here.
A goblin comes into view. It is wielding a dagger.
The goblin shouts!
A goblin is nearby!
You barely miss the goblin. The goblin hits you but does no damage.
You closely miss the goblin. The goblin closely misses you.
You hit the goblin.
You kill the goblin!
You have reached level 4!
You feel stronger.
Are you sure you want to abandon this character and quit the game? (Confirm

###.....## #.#######.#
##.....).###.# #.#
#.........##.##### #.#
#..........>.....# #.#
..........##.###.# #.#
##.......###.# #.# #.#
###.......##.###.###.#
.........###.........#
#######.## #####@#####
#.# #)# #.. #### ## .#
..+


There were no monsters in sight!

Vanquished Creatures
  Robin (D:2)
  A gnoll (D:1)
  2 dart slugs (D:1)
  A leopard gecko (D:2)
  6 bats
  3 giant cockroaches
  13 goblins
  7 hobgoblins
  4 kobolds
  3 rats
41 creatures vanquished.

Notes
Turn   | Place    | Note
-------+----------+-------------------------------------------
     0 | D:1      | Ivernyr the Draconian Wizard began the quest for the Orb.
     0 | D:1      | Reached XP level 1. HP: 14/14 MP: 4/4
   230 | D:1      | Reached XP level 2. HP: 22/22 MP: 0/6
   236 | D:1      | Learned a level 2 spell: Blink
   510 | D:1      | Reached skill level 1 in Fighting
   722 | D:1      | Reached XP level 3. HP: 21/28 MP: 0/8
   727 | D:1      | Learned a level 3 spell: Conjure Flame
   731 | D:1      | Learned a level 3 spell: Mephitic Cloud
  1184 | D:2      | Noticed Robin
  1757 | D:2      | Killed Robin
  1924 | D:2      | Found a shadowy altar of Dithmenos.
  1995 | D:2      | Reached XP level 4. HP: 36/36 MP: 9/9
  1996 | D:2      | Quit the game

Skill      XL: |  1  2  3 |
---------------+----------+-----
Fighting       | 1 |  1.6
Conjurations   | 2 |  2.3
Dodging        | |  1.7
Stealth        | |  1.7
Spellcasting   | |  3.7
Summonings     | |  1.0
Translocations | |  1.0

Action                   |  1- 3 |  4- 6 || total
-------------------------+-------+-------++-------
Melee: Whip              |    17 |       ||    17
       Tailslap          |     7 |       ||     7
       Dagger            |    76 |       ||    76
 Cast: Magic Dart        |    77 |       ||    77
       Blink             |     2 |       ||     2
  Eat: Chunk             |     3 |       ||     3
Armor: Skin              |    59 |       ||    59
Dodge: Dodged            |    97 |       ||    97
